Cogmind - Beta 10.1 @@@ ROGUE MODE // 2020.09.21 @ 20:42:11 Player: Demise Result: Destroyed by 8R-AWN with 8R-AWN's Boregun Performance ------------- Evolutions (0) 0 Regions Visited (3) 600 Robots Destroyed (27) 135 Value Destroyed (349) 349 Prototype IDs (0) 0 Alien Tech Used (0) 0 Bonus (0) 0 TOTAL SCORE: 1084 Bonus ------- None Cogmind --------- Core Integrity 0/250 Matter 295/300 Energy 219/250 System Corruption 0% Temperature Cool (0) Movement Treading (180) Ox1 Location -10/Exiles Parts ------- > --- POWER (1) -------- Ion Engine > --- PROPULSION (2) --- Light Treads Combat Airjet > --- UTILITY (2) ------ Large Storage Unit Large Storage Unit > --- WEAPON (2) ------- Welding Torch > --- INVENTORY (16) --- Nuclear Core Light Nuclear Core Fission Core Fission Core Cooling System Small Matter Pod (50) Large Matter Pod (150) Experimental Sensor Array Utility Shielding Improved Light Armor Plating Decoy Drone Bay Light Assault Rifle Light Assault Rifle Mini Grenade Launcher Mining Laser Peak State ------------ > --- POWER ------------ Ion Engine > --- PROPULSION ------- Light Treads Combat Airjet > --- UTILITY ---------- Large Storage Unit Large Storage Unit > --- WEAPON ----------- Beam Cannon Light Assault Rifle > --- INVENTORY -------- Light Nuclear Core Fission Core Cooling System Small Matter Pod Experimental Sensor Array Utility Shielding Improved Light Armor Plating Decoy Drone Bay Light Assault Rifle Mini Grenade Launcher Mining Laser Welding Torch [Rating: 15] Favorites ----------- Power Ion Engine Engine Ion Engine Propulsion Light Treads Treads Light Treads Leg Aluminum Leg Hover Unit Combat Airjet Utility Large Storage Unit Device Cooling System Storage Large Storage Unit Processor Targeting Computer Weapon Beam Cannon Energy Gun Medium Laser Energy Cannon Beam Cannon Ballistic Gun Light Assault Rifle Launcher Mini Grenade Launcher Special Weapon Welding Torch Build | -11 -10 -10 -10 ------- Run | Scr Mat Min Exi Slots Evolved . | . . . . Power . | . . . . Propulsion . | . . . . Utility . | . . . . Weapon . | . . . . Parts Attached 17 | 2 10 4 1 Power 1 | . 1 . . Engine 1 | . 1 . . Core . | . . . . Reactor . | . . . . Propulsion 3 | 2 . 1 . Treads 2 | 2 . . . Leg . | . . . . Wheel . | . . . . Hover 1 | . . 1 . Flight . | . . . . Utility 5 | . 4 1 . Device 2 | . 2 . . Storage 2 | . 1 1 . Processor 1 | . 1 . . Hackware . | . . . . Protection . | . . . . Artifact . | . . . . Weapon 8 | . 5 2 1 Energy Gun . | . . . . Energy Cannon 4 | . 4 . . Ballistic Gun 2 | . 1 1 . Ballistic Cannon . | . . . . Launcher 1 | . . 1 . Special Weapon 1 | . . . 1 Impact Weapon . | . . . . Slashing Weapon . | . . . . Piercing Weapon . | . . . . Special Melee Weapon . | . . . . Unidentified Prototypes . | . . . . Parts Lost 6 | . 5 . 1 Power 1 | . 1 . . Propulsion 1 | . 1 . . Utility . | . . . . Weapon 4 | . 3 . 1 Highest Loss Streak 3 | . 3 . 1 Average Slot Usage (%) 94 | . 92 93 99 Engine 14 | . 14 14 14 Treads 18 | . 24 14 14 Hover 6 | . . 8 14 Device 7 | . 11 8 . Storage 19 | . 14 19 28 Energy Cannon 16 | . 20 14 13 Ballistic Gun 8 | . 3 9 13 Launcher 1 | . . 4 . Naked Turns . | . . . . Heaviest Build 41 | 10 29 41 41 Greatest Support 40 | 40 40 22 22 Greatest Overweight (x) 1 | . 1 1 1 Average Overweight (x) . | . . 1 1 Largest Inventory Capacity 16 | 6 10 16 16 Average Capacity 10 | 6 7 12 16 Most Carried 16 | 6 9 12 16 Average Carried 9 | 5 6 10 15 Final Capacity 16 | 6 10 16 16 Final Carried 16 | 6 9 12 16 Class Distribution -------------------- 100% | Mutant Dominant Class ---------------- Mutant | -10/Materials Mutant | -10/Mines Mutant | -10/Exiles Resources | -11 -10 -10 -10 ----------- Run | Scr Mat Min Exi Matter Collected 419 | 257 95 67 . Remotely . | . . . . Salvage Created 715 | 209 490 16 . Parts 41 | 14 27 . . Haulers Intercepted 1 | . 1 . . Recyclers Shooed . | . . . . Parts Field Recycled . | . . . . Retrieved Matter . | . . . . Parts Self-Destructed . | . . . . Prevented . | . . . . Kills | -11 -10 -10 -10 ------- Run | Scr Mat Min Exi Combat Hostiles Destroyed 15 | . 11 4 . Guns 1 | . . 1 . Cannons 13 | . 11 2 . AOE 1 | . . 1 . Classes Destroyed 9 | 3 5 1 . Worker 2 | 2 . . . Tunneler 5 | 5 . . . Hauler 1 | . 1 . . Recycler 2 | 1 1 . . Operator 1 | . 1 . . Watcher 1 | . 1 . . Swarmer 6 | . 6 . . Grunt 5 | . 5 . . Assembled 4 | . . 4 . Best Kill Streak 7 | 4 7 2 . Combat Bots Only 6 | . 6 2 . Max Kills in Single Turn 1 | 1 1 1 . Gunslinging . | . . . . Exploded 1 | . . 1 . Melee . | . . . . Uniques/NPCs Destroyed . | . . . . Combat | -11 -10 -10 -10 -------- Run | Scr Mat Min Exi Damage Taken 752 | . 504 150 98 Core 250 | . 136 55 59 Absorbed by Shields . | . . . . Core Remaining (%) 100 | 100 . . . Volleys Fired 80 | 16 52 8 4 Largest 2 | 2 2 2 1 Hottest 120 | 70 120 90 20 Shots Fired 146 | 32 94 16 4 Gun 54 | 32 16 6 . Cannon 86 | . 78 8 . Launcher 2 | . . 2 . Special 4 | . . . 4 Kinetic 38 | 16 16 6 . Thermal 106 | 16 78 8 4 Explosive 2 | . . 2 . Electromagnetic . | . . . . Robot Hit Streak 16 | 7 16 3 1 Robot Miss Streak 4 | 2 4 4 2 Penetration Max . | . . . . Secondary Targets . | . . . . Shots Hit Robots 85 | 23 56 5 1 Core Hits 37 | 12 20 5 . Critical Hits 1 | . 1 . . Critical Kills . | . . . . Critical Parts Destroyed 1 | . 1 . . Melee Attacks . | . . . . Impact . | . . . . Slashing . | . . . . Piercing . | . . . . Sneak Attacks . | . . . . Combat Hostiles . | . . . . Follow-up Attacks . | . . . . Damage Inflicted 1378 | 265 957 156 . Guns 337 | 265 52 20 . Cannons 992 | . 905 87 . Explosions 49 | . . 49 . Melee . | . . . . Ramming . | . . . . Kinetic 160 | 88 52 20 . Thermal 1169 | 177 905 87 . Explosive 49 | . . 49 . Electromagnetic . | . . . . Impact . | . . . . Slashing . | . . . . Piercing . | . . . . Highest Corruption . | . . . . Average Corruption . | . . . . Corruption Purged . | . . . . Overload Shots . | . . . . Overflow Damage 39 | . 22 17 . Projectiles 39 | . 22 17 . Explosions . | . . . . Melee . | . . . . Knockbacks . | . . . . Impact . | . . . . Kinetic . | . . . . Secondary . | . . . . Self-Inflicted Damage 20 | . . 20 . Shots 1 | . . 1 . Rammed . | . . . . Targets Rammed . | . . . . Kicked . | . . . . Crushed . | . . . . Highest Temperature 609 | 110 609 . . Average Temperature 156 | 46 201 . . Received Heat Transfer 179 | . 159 20 . Effects 10 | . 10 . . Shutdowns 2 | . 2 . . Damage (minor) 2 | . 2 . . Damage (major) 5 | . 5 . . Damage (core) 1 | . 1 . . Siege Activations . | . . . . Robots Corrupted . | . . . . Combat Hostiles . | . . . . Parts Fried . | . . . . Impact Corruptions . | . . . . Robots Melted . | . . . . Combat Hostiles . | . . . . Parts Melted 4 | . 4 . . Heat Transferred 2590 | 518 1887 185 . Parts Sabotaged . | . . . . Parts Stolen . | . . . . Parts Stripped . | . . . . Power Chain Reactions . | . . . . Missiles Intercepted . | . . . . Alert | -11 -10 -10 -10 ------- Run | Scr Mat Min Exi Peak Influence 145 | 40 145 . . Initial 26 | . 26 . . Average 42 | 22 73 . . Maximum Alert Level . | . . . . Low Security (%) 100 | 100 100 100 . Level 1 . | . . . . Level 2 . | . . . . Level 3 . | . . . . Level 4 . | . . . . Level 5 . | . . . . High Security . | . . . . Max Security . | . . . . Squads Dispatched 1 | . 1 . . Investigation . | . . . . Extermination . | . . . . Reinforcement 1 | . 1 . . Assault . | . . . . Garrison . | . . . . Intercept . | . . . . Construction Impeded . | . . . . Haulers Reinforced . | . . . . Stealth | -11 -10 -10 -10 --------- Run | Scr Mat Min Exi Distress Signals 2 | . 2 . . Communications Jammed . | . . . . Distress Signals . | . . . . Times Spotted 45 | . 22 15 8 Peak Tracking Total 11 | . 6 11 9 Tactical Retreats 4 | . 2 2 . Traps | -11 -10 -10 -10 ------- Run | Scr Mat Min Exi Traps Triggered 1 | . 1 . . Indirectly . | . . . . Trap Hack Attempts . | . . . . Triggered . | . . . . Disarmed . | . . . . Reprogrammed . | . . . . Reused . | . . . . Traps Extracted . | . . . . Installed . | . . . . Triggered . | . . . . Machines | -11 -10 -10 -10 ---------- Run | Scr Mat Min Exi Machines Disabled 1 | . 1 . . Max in Single Turn 1 | . 1 . . Machines Sabotaged . | . . . . Garrisons Compromised . | . . . . Overloaded Fab Kills . | . . . . Fab Network Shutdowns . | . . . . Hacking | -11 -10 -10 -10 --------- Run | Scr Mat Min Exi Machines Accessed 8 | . 6 1 1 Terminals 4 | . 4 . . Fabricators . | . . . . Repair Stations 1 | . 1 . . Recycling Units 1 | . 1 . . Scanalyzers . | . . . . Garrison Access . | . . . . Total Hacks 15 | . 13 1 1 Successful 11 | . 9 1 1 Failed 3 | . 3 . . Catastrophic . | . . . . Database Lockouts 1 | . 1 . . Manual 8 | . 7 . 1 Terminals 9 | . 9 . . Fabricators . | . . . . Repair Stations 2 | . 2 . . Recycling Units 2 | . 2 . . Scanalyzers . | . . . . Garrison Access . | . . . . Terminal Hacks 7 | . 5 1 1 Record 1 | . . . 1 Robot Analysis 1 | . 1 . . Open Door 1 | . . 1 . Unreport Threat 1 | . 1 . . Locate Traps 2 | . 2 . . Hauler Manifests 1 | . 1 . . Fabricator Hacks . | . . . . Repair Station Hacks 2 | . 2 . . Scan Component 1 | . 1 . . Repair 1 | . 1 . . Recycling Unit Hacks 2 | . 2 . . Report Inventory 1 | . 1 . . Retrieve Components 1 | . 1 . . Scanalyzer . | . . . . Garrison Access Hacks . | . . . . Unauthorized Hacks . | . . . . Terminals . | . . . . Fabricators . | . . . . Repair Stations . | . . . . Recycling Units . | . . . . Scanalyzers . | . . . . Garrison Access . | . . . . Data Cores Recovered 1 | . 1 . . Used . | . . . . Hacking Detections 5 | . 5 . . Full Trace Events 1 | . 1 . . Feedback Events . | . . . . Feedback Blocked . | . . . . Robot Schematics Acquired . | . . . . Robots Built . | . . . . Matter . | . . . . Time . | . . . . Total Robot Build Rating . | . . . . Part Schematics Acquired . | . . . . Parts Built . | . . . . Matter . | . . . . Time . | . . . . Total Part Build Rating . | . . . . Parts Repaired 1 | . 1 . . Time 32 | . 32 . . Parts Recycled . | . . . . Recycled Matter . | . . . . Retrieved Matter . | . . . . Retrieved Components 1 | . 1 . . Parts Scanalyzed . | . . . . Part Schematics Acquired . | . . . . Parts Damaged . | . . . . Bothacking | -11 -10 -10 -10 ------------ Run | Scr Mat Min Exi Used RIF Installer . | . . . . Robots Hacked . | . . . . Non-combat . | . . . . Combat . | . . . . Robot Hacks Applied . | . . . . Relay Couplers Released . | . . . . Robots Rewired . | . . . . Allies Hacked . | . . . . Hacks Repelled . | . . . . Allies | -11 -10 -10 -10 -------- Run | Scr Mat Min Exi Total Allies . | . . . . Largest Group . | . . . . Highest-Rated Group . | . . . . Highest-Rated Ally . | . . . . Total Orders . | . . . . Ally Attacks . | . . . . Total Damage . | . . . . Kills . | . . . . Allies Corrupted . | . . . . Allies Melted . | . . . . Intel | -11 -10 -10 -10 ------- Run | Scr Mat Min Exi Robot Analysis Total 1 | . 1 . . Derelict Logs Recovered . | . . . . Drone Launches . | . . . . Drone Recoveries . | . . . . Exploration | -11 -10 -10 -10 ------------- Run | Scr Mat Min Exi Turns Passed 2043 | 145 831 534 533 Spaces Moved 1007 | 55 369 277 306 Core . | . . . . Treads 483 | 22 369 92 . Legs 33 | 33 . . . Wheels . | . . . . Hover 491 | . . 185 306 Flight . | . . . . Fastest Speed 120 | 120 160 170 170 Average Speed 167 | 136 164 173 170 Slowest Speed 180 | 160 180 180 170 Overloaded Moves . | . . . . Propulsion Burnouts . | . . . . Robots Hopped . | . . . . Cave-ins Triggered . | . . . . Exploration Rate (%) 42 | 3 56 46 66 Regions Visited 3 Branch Regions 2 Pre-discovered Areas 1 | . . . 1 Known Exits Taken . | . . . . Unknown Exits Taken 3 | 1 1 1 . Scrap Searched 1 | . . 1 . Spaces Dug . | . . . . Terrain Destroyed 19 | . . 19 . Melee . | . . . . Projectile . | . . . . AOE 19 | . . 19 . Terrain Rammed . | . . . . Walls Destroyed . | . . . . Machines Disabled . | . . . . Actions | -11 -10 -10 -10 --------- Run | Scr Mat Min Exi Total 1234 | 98 504 317 315 Wait 92 | 18 53 21 . Move 1004 | 54 368 276 306 Hop . | . . . . Pick Up 24 | 4 12 4 4 Fast Attach 7 | . 5 2 . Attach 7 | 2 4 1 . Detach 2 | . 1 1 . Swap 3 | . 1 1 1 Drop 15 | 4 8 3 . Fire 80 | 16 52 8 4 Melee . | . . . . Ram . | . . . . Kick . | . . . . Crush . | . . . . Escape Stasis . | . . . . Rewire . | . . . . Trap . | . . . . Miscellaneous . | . . . . Route ------- -11/Scrapyard -10/Materials (discovered 2 exits: [*Mat] / *Min) -10/Mines (discovered 2 exits: [*Mat] / *Exi) -10/Exiles History --------- Turn | Location | Event 10 | -11/Scrapyard | Discovered new exit (range 3) 146 | -11/Scrapyard | Entered Materials 294 | -10/Materials | Discovered new exit (range 15) 301 | -10/Materials | Build established: Mutant 314 | -10/Materials | Central database locked down 487 | -10/Materials | Repaired Cooling System 595 | -10/Materials | Lost 3 parts (1p2w) 787 | -10/Materials | Discovered new exit (range 16) 791 | -10/Materials | Core integrity fell below 50% 977 | -10/Materials | Entered Mines 1003 | -10/Mines | Discovered new exit (range 7) 1044 | -10/Mines | Met a Derelict bent on vengeance 1055 | -10/Mines | Assembled infested the area 1297 | -10/Mines | Found the Drone Emporium 1309 | -10/Mines | Found Prototype Device 1404 | -10/Mines | Deemed a non-threat by the Exiles lab entrance 1406 | -10/Mines | Discovered new exit (range 5) 1455 | -10/Mines | Found a damaged Exp. Sensor Array with a note attached 1459 | -10/Mines | Found Prototype Device 1511 | -10/Mines | Entered Exiles 1557 | -10/Exiles | Met 8R-AWN 1584 | -10/Exiles | Met EX-HEX 1694 | -10/Exiles | Met EX-DEC 1723 | -10/Exiles | Learned location of Zion (-7) 1840 | -10/Exiles | Met EX-BIN 2038 | -10/Exiles | Attacked by the Exiles 2039 | -10/Exiles | Core integrity fell below 20% 2044 | -10/Exiles | Destroyed by 8R-AWN with 8R-AWN's Boregun Last Messages --------------- much safer for us to move around anywhere in the complex. Want in on the action? Just step right into the FarCom Aligner and I'll do the rest. Now, I'll admit there could be side effects, but if you're willing to participate in the trials you can have one of our prototypes. How's that for a sweet deal? 01895_ Connecting with EX-Vault Access... 02038_ EXILES: Hostile robot within lab perimeter. Defensive protocols time, folks! 02038_ Penetrated by HV Slug. 02038_ Beam Cannon destroyed. 02038_ HV Slug penetrates Wall. 02038_ Penetrated by HV Slug. 02038_ HV Slug penetrates Wall. 02040_ Penetrated by HV Slug. 02040_ HV Slug penetrates Wall. 02040_ Penetrated by HV Slug. 02040_ HV Slug penetrates Wall. 02042_ Penetrated by HV Slug. 02042_ HV Slug penetrates Wall. 02044_ Penetrated by HV Slug. Map ----- +----------------------------------------------------+ | """??????????????????????????????????????????????? | | """#?????????????????????????????????????????????? | | """#?????????????????????????????????????????????? | | """#?????????????????????????????????????????????? | | """#?????????????????????????????????????????????? | | """#?????????????????????????????????????????????? | | """#?????????????????????????????????????????????? | | """#?????????????????????????????????????????????? | | """#?????????????????????????????????????????????? | | """#?????????????????????????????????????????????? | | """""????????????????????????????????????????????? | | """##????????????????????????????????????????????? | | """"?????????????????????????????????????????????? | | #?????????????????????????????????????????????? | | """#?????????????????????????????????????????????? | | ####?????????????????????????????????????????????? | | ?????????????????????????????????????????????????? | | ?????????????????????????????????????????????????? | | ?????????????????????????????????????????????????? | | #########?????????????????????????????????????? ?? | | """""""""##??????????????????????????????????? | | " """ """"##?????????????????????????????????# # | | "" " #????????????????????????????????# # | | " """#???????????????????????????????# | | " "#???????????#####???????????????# | | " "##?????????##"@ #??????????????## | | ""###???????#" g #?????????????## #? | | """#??????##" ##????????????# #? | | "#????### ###????????### #?? | | ##???# aa ########## #?? | | ##?##a #""""## #??? | | ### a ##?? | | a ## #?? | | a a #### ##? | | ""#?#"""""#### ## | | #"""##?#######??#### | | ######??????????????##### | | ##???????????????????????### | | " ##??????????????????????????### | | """ ""#?????????????????????????????### | | ""#" "##??????????????????????????????#" | | """##"""""""##???????????????????????????????#### | | """###########???????????????????????????????????# | | ####?????????????????????????????????????????????# | | ?????????????????????????????????????????????????? | | ?????????????????????????????????????????????????? | | ?????????????????????????????????????????????????? | | ?????????????????????????????????????????????????? | | ?????????????????????????????????????????????????? | | ?????????????????????????????????????????????????? | +----------------------------------------------------+ Best States ------------- Heat Dissipation 47 Energy Generation 10 Energy Capacity 250 Matter Stores 300 Matter Capacity 300 Sight Range 16 Terrain Scan Range 16 Terrain Scan Density 10 Evasion (%) 40 Targeting Accuracy 5 Recoil Reduction 2 Item Schematics ----------------- None Robot Schematics ------------------ None Fabricated ------------ Nothing Alien Tech Used ----------------- None Achievements -------------- None Challenges ------------ None Game ------ Seed LegMiniShielding Manual? 0 Play Time 00:18:42 Cumulative 3.5 hours Start 2020.09.21 @ 20:25:31 End 2020.09.21 @ 20:42:11 Sessions 1 Manual Loads 0 Difficulty Rogue Special Mode None Game No. 4 Rogue 4 Adventurer 0 Explorer 0 Win Type - Total 0 Types 0/0/0/0/0/0/0/0/0 Lore% 12 Gallery% 9 Achievement% 46 Wizard Run 0 Options --------- ASCII 0 Keyboard 1 Movement Numpad Keybinds 0 Fullscreen 1 Font 12/Terminus Map View 83x54 Tactical HUD 1 Map Filters NONE Filters NONE Steam 1 RUN: 46b514e1-c0c4-4c93-b464-a2fda2b6cf98